 Dungeon Crawl Stone Soup version 0.28-a0-529-g3bad584f25 (webtiles) character file.

Game seed: 11450553568866066494

4173 oldriver the Cleaver (level 10, 0/61 HPs)
             Began as a Gargoyle Fighter on Sept 24, 2021.
             Was a Priest of Okawaru.
             Killed from afar by a steam dragon (19 damage)
             ... with a ball of steam
             ... on level 8 of the Dungeon.
             The game lasted 00:09:41 (8858 turns).

oldriver the Cleaver (Gargoyle Fighter)             Turns: 8858, Time: 00:09:41

Health: 0/61       AC: 24    Str: 19    XL:     10   Next: 28%
Magic:  3/3        EV:  8    Int: 10    God:    Okawaru [***...]
Gold:   324        SH: 11    Dex: 14    Spells: 9/9 levels left

rFire   . . .      SeeInvis .   u - +4 hand axe "Foaw Vie" {antimagic, Dex+2}
rCold   + . .      Faith    .   c - +0 buckler
rNeg    + . .      Spirit   .   t - +4 chain mail {rC+}
rPois   ∞          Reflect  +   (no helmet)
rElec   +          Harm     .   v - +0 cloak
rCorr   .          Rampage  .   (no gloves)
Will    .....                   k - +0 pair of boots
Stlth   ..........              m - amulet of reflection
HPRegen 0.20/turn               g - ring of flight
MPRegen 0.08/turn               (no ring)

@: flying, studying Axes
A: sickness immunity, AC +7, negative energy resistance 1, electricity
resistance, torment resistance 1, petrification resistance
a: Renounce Religion, Heroism


You were on level 8 of the Dungeon.
You worshipped Okawaru.
Okawaru was most pleased with you.
You visited 2 branches of the dungeon, and saw 9 of its levels.

You collected 324 gold pieces.

Inventory:

Hand Weapons
 a - a +0 flail
 u - the +4 hand axe "Foaw Vie" (weapon) {antimagic, Dex+2}
   (You found it on level 5 of the Dungeon)

   It reduces the magical energy of the wielder, and disrupts the spells and
   magical abilities of those it strikes.
   Natural abilities and divine invocations are not affected.
   Dex:       It affects your dexterity (+2).
Armour
 c - a +0 buckler (worn)
 k - a +0 pair of boots (worn)
 t - a +4 chain mail of cold resistance (worn)
 v - a +0 cloak (worn)
Jewellery
 g - a ring of flight (left hand)
 i - an amulet of guardian spirit
 m - an amulet of reflection (around neck)
Wands
 l - a wand of flame (51)
 n - a wand of charming (12)
 s - a wand of paralysis (13)
Scrolls
 b - 3 scrolls of teleportation {unknown}
 f - 10 scrolls of identify
 h - a scroll of amnesia
 x - a scroll of enchant weapon
Potions
 d - 2 potions of might
 e - a potion of mutation {unknown}
 o - 3 potions of attraction {unknown}
 p - 3 potions of curing {unknown}
 q - 2 potions of lignification {unknown}
 r - a potion of invisibility {unknown}


   Skills:
 + Level 6.3 Fighting
 + Level 10.1(10.7) Axes
 + Level 6.1(9.3) Maces & Flails
 + Level 6.9 Armour
 + Level 2.8 Dodging
 + Level 1.5 Stealth
 + Level 8.3 Shields


You had 9 spell levels left.
You didn't know any spells.
Your spell library contained the following spells:

 Spells                   Type           Power      Damage    Failure   Level
 Apportation              Tloc           0%         N/A       98%         1
 Freeze                   Ice            0%         1d3       98%         1
 Pain                     Necr           0%         1d4       98%         1
 Static Discharge         Conj/Air       0%         N/A       99%         2
 Wereblood                Tmut           0%         N/A       99%         2
 Frozen Ramparts          Ice            0%         1d2       100%        3
 Gell's Gravitas          Tloc           0%         N/A       100%        3
 Lesser Beckoning         Tloc           0%         N/A       100%        3
 Teleport Other           Tloc           0%         N/A       100%        3
 Vampiric Draining        Necr           0%         2d6       100%        3
 Airstrike                Air            0%         N/A       100%        4
 Hailstorm                Conj/Ice       0%         3d3       100%        4
 Alistair's Intoxication  Tmut/Pois      0%         N/A       100%        5
 Lightning Bolt           Conj/Air       0%         1d11      100%        5
 Invisibility             Hex            0%         N/A       100%        6
 Maxwell's Capacitive Co  Air            0%         ∞         100%        8
 Animate Skeleton         Necr           Unusable   N/A       N/A         1
 Sublimation of Blood     Necr           Unusable   N/A       N/A         2
 Summon Lightning Spire   Summ/Air       Unusable   N/A       N/A         4
 Summon Hydra             Summ           Unusable   N/A       N/A         7

Dungeon Overview and Level Annotations

Branches:
Dungeon (8/15)             Temple (1/1) D:5
   Lair: D:8-11

Altars:
Ashenzari
Cheibriados
Dithmenos
Elyvilon
Fedhas
Gozag
Hepliaklqana
Makhleb
Nemelex Xobeh
Okawaru
Qazlal
Ru
Sif Muna
Trog
Uskayaw
Vehumet
Wu Jian
Xom
Yredelemnul
Zin
The Shining One

Shops:
D:2 [


Innate Abilities, Weirdness & Mutations

You are immune to sickness and miasma.
Your stone body is resilient. (AC +7)
You are immune to poison.
You resist negative energy. (rN+)
You are resistant to electric shocks. (rElec)
You are resistant to unholy torment.
You are immune to petrification.


Message History

You are too injured to fight recklessly!
You are too injured to fight recklessly!
You are too injured to fight recklessly!
You are too injured to fight recklessly!
You are too injured to fight recklessly!
You are too injured to fight recklessly!
Unknown command.
The steam dragon breathes steam at you. The ball of steam misses you.
You are too injured to fight recklessly!
You are too injured to fight recklessly!
You are too injured to fight recklessly!
You are too injured to fight recklessly!
You are too injured to fight recklessly!
You are too injured to fight recklessly!
You are too injured to fight recklessly!
You are too injured to fight recklessly!
You hit the steam dragon.
The steam dragon is almost dead.
You are engulfed in a cloud of scalding steam.
You hit the steam dragon.
The steam dragon is almost dead.
You block the steam dragon's attack.
The steam dragon claws you but does no damage.
You hit the steam dragon.
The steam dragon is almost dead.
The steam dragon breathes steam at you. The ball of steam misses you.
You barely miss the steam dragon.
The steam dragon is almost dead.
You are engulfed in a cloud of scalding steam.
You block the steam dragon's attack. x2
You hit the steam dragon.
The steam dragon is almost dead.
You are engulfed in a cloud of scalding steam.
* * * LOW HITPOINT WARNING * * *
You are engulfed in a cloud of scalding steam.
The steam dragon breathes steam at you. The ball of steam hits you!!
You die...

.....#.........## .###
####...##..###...... ...
..###......##...... ...
................... ...
#................
.#.#####................ ##
######. .....#.........#......
..##.....###.##...........#......
.........§##.##.@.........#......
...........#.##§###...#<...##....
.........o.#..D.##...............
...........oo...#........##...
..........o###................
...........§.......########
###.#####..#.###...# ≈#. #.##.#
#...# ≈≈#. ####.# #...#


You could see a steam dragon (catching breath), an orc warrior and 2 orcs.

Vanquished Creatures
  Erica (D:8)
  A hornet (D:8)
  Sigmund (D:4)
  Eustachio (D:7)
  Edmund (D:4)
  2 black bears
  3 orc warriors (D:7)
  3 sky beasts
  An ogre (D:6)
  3 centaurs
  2 phantoms
  A kobold brigand (D:8)
  6 bullfrogs
  2 scorpions
  8 wights
  A crimson imp (D:6)
  2 bullfrog zombies
  3 hounds
  2 centaur zombies
  2 jellies
  2 orc priests
  2 iguanas
  4 orc wizards
  2 howler monkey zombies
  6 gnolls
  8 adders
  A river rat (D:6)
  3 white imps
  An ufetubus (D:5)
  A worm (D:4)
  5 dart slugs
  13 orcs
  6 endoplasms
  3 giant cockroaches
  6 goblins
  3 hobgoblins
  16 kobolds
  5 quokkas
  7 ball pythons
  7 bats
  A frilled lizard (D:2)
  6 rats
154 creatures vanquished.

Vanquished Creatures (others)
  A kobold brigand (D:7)
1 creature vanquished.

Grand Total: 155 creatures vanquished

Notes
Turn   | Place    | Note
-------+----------+-------------------------------------------
     0 | D:1      | oldriver the Gargoyle Fighter began the quest for the Orb.
     0 | D:1      | Reached XP level 1. HP: 14/14 MP: 1/1
   595 | D:1      | Reached XP level 2. HP: 12/19 MP: 2/2
  1347 | D:1      | Reached XP level 3. HP: 23/23 MP: 3/3
  1936 | D:2      | Found Opuiwema's Armour Shop.
  2120 | D:2      | Reached XP level 4. HP: 29/29 MP: 4/4
  2574 | D:3      | Reached XP level 5. HP: 20/33 MP: 5/5
  3426 | D:3      | Found a faded altar of an unknown god.
  3563 | D:4      | Reached skill level 1 in Dodging
  3642 | D:4      | Noticed Sigmund
  3654 | D:4      | Killed Sigmund
  3655 | D:4      | Reached XP level 6. HP: 39/39 MP: 6/6
  4093 | D:4      | Noticed Edmund
  4120 | D:4      | Killed Edmund
  4121 | D:4      | Reached skill level 5 in Maces & Flails
  4121 | D:4      | Reached XP level 7. HP: 4/44 MP: 7/7
  4499 | D:4      | Found a sparkling altar of Nemelex Xobeh.
  4911 | D:5      | Entered Level 5 of the Dungeon
  4925 | D:5      | Found a burning altar of Makhleb.
  4928 | D:5      | Found a glowing silver altar of Zin.
  4928 | D:5      | Noticed an angel
  4929 | D:5      | Noticed a green death
  5194 | D:5      | Reached skill level 5 in Fighting
  5194 | D:5      | Reached skill level 1 in Stealth
  5199 | D:5      | Identified the +4 hand axe "Foaw Vie" {antimagic, Dex+2}
  5218 | D:5      | Reached skill level 5 in Armour
  5224 | D:5      | Reached skill level 5 in Shields
  5441 | D:5      | Found a hazy altar of Hepliaklqana.
  5502 | D:5      | Reached XP level 8. HP: 49/49 MP: 2/8
  5731 | D:5      | Found a staircase to the Ecumenical Temple.
  5942 | Temple   | Entered the Ecumenical Temple
  6009 | Temple   | Became a worshipper of Warmaster Okawaru
  6384 | D:5      | Reached skill level 1 in Axes
  6561 | D:6      | Reached skill level 2 in Axes
  6570 | D:6      | Reached skill level 3 in Axes
  6629 | D:6      | Reached skill level 4 in Axes
  6836 | D:6      | Reached * piety under Okawaru
  6837 | D:6      | Reached skill level 5 in Axes
  6837 | D:6      | Reached XP level 9. HP: 49/54 MP: 3/9
  7345 | D:7      | Reached skill level 6 in Axes
  7350 | D:7      | Noticed Eustachio
  7823 | D:7      | Reached skill level 7 in Axes
  8012 | D:7      | Killed Eustachio
  8097 | D:7      | Reached ** piety under Okawaru
  8391 | D:7      | Reached skill level 8 in Axes
  8494 | D:8      | Found a hide-covered altar of Uskayaw.
  8504 | D:8      | Noticed Erica
  8539 | D:8      | Killed Erica
  8540 | D:8      | Reached skill level 9 in Axes
  8540 | D:8      | Reached XP level 10. HP: 39/60 MP: 3/10
  8704 | D:8      | Reached *** piety under Okawaru
  8777 | D:8      | Reached skill level 10 in Axes
  8858 | D:8      | Killed from afar by a steam dragon

Illustrated notes

Levels and vault maps discovered:
D:1:      matt_arrival_refuge, layout_loops_corners
D:2:      layout_basic, serial_shops, nicolae_shop_trees
D:3:      layout_loops_ring, shapermc_ecumenical_altar_petra
D:4:      layout_layer_cave, nemelex_xobeh_ov_fountains_minmay, uniq_edmund,
          uniq_sigmund
D:5:      layout_basic, grunt_temple_overflow_order_and_chaos_2,
          mainiacjoe_overflow_surrounded_room, minmay_temple_entry_fiery
D:6:      layout_loops_ring, portal_sewer_entry_b, minmay_fire_ice_demons
D:7:      layout_basic, sword_in_stone
D:8:      layout_rooms, kennysheep_little_box, nicolae_overflow_hidden_temple,
          lair_entry_dummy, serial_aquarium, aquarium_bridge_square
          [aquarium_subvault_bridge, aquarium_subvault_wall,
          aquarium_subvault_bridge, aquarium_subvault_wall],
          aquarium_bridge_square [aquarium_subvault_bridge,
          aquarium_subvault_wall, aquarium_subvault_bridge,
          aquarium_subvault_bridge], aquarium_window_fake, aquarium_window_1,
          aquarium_window_corridor_2, aquarium_view_2d, aquarium_view_2d,
          aquarium_pool_corner, kennysheep_windowed_goal, uniq_erica
Temple:   nicolae_temple_x_marks_the_god

Skill      XL: |  1  2  3  4  5  6  7  8  9 10 |
---------------+-------------------------------+-----
Maces & Flails | 3 4 5 6 |  6.1
Fighting       | 4 5 6 |  6.3
Armour         | 4 5 6 |  6.9
Dodging        | 1 2 |  2.8
Shields        | 4 5 6 8 |  8.3
Stealth        | 1 |  1.5
Axes           | 5 9 10 | 10.1

Action                   |  1- 3 |  4- 6 |  7- 9 | 10-12 || total
-------------------------+-------+-------+-------+-------++-------
Melee: Flail             |   121 |   128 |    84 |       ||   333
       Hand axe          |       |       |   361 |    56 ||   417
  Use: Potion            |       |     1 |       |       ||     1
       Scroll            |       |       |    11 |       ||    11
Armor: Scale mail        |    76 |    62 |     4 |       ||   142
       Chain mail        |       |       |   275 |    32 ||   307
Dodge: Dodged            |    78 |    56 |   126 |    10 ||   270
Block: Buckler           |    22 |    30 |   270 |    19 ||   341
       Reflection        |       |       |     6 |     2 ||     8

Table legend: (Time is in decaauts)
 A = Elapsed time spent in this place.
 B = Non-inter-level travel time spent in this place.
 C = Inter-level travel time spent in this place.
 D = Time resting spent in this place.
 E = Time spent auto-exploring this place.
 F = Levels seen in this place.
 G = Mean time per level.
                   A        B        C        D        E       F      G
               +--------+--------+--------+--------+--------+-----+--------+
         Total |   8912 |   8641 |    271 |   1874 |   5108 |   9 |  990.2 |
       Dungeon |   8834 |   8587 |    247 |   1874 |   5062 |   8 | 1104.2 |
        Temple |     77 |     53 |     24 |      0 |     46 |   1 |   77.0 |
               +--------+--------+--------+--------+--------+-----+--------+

Top non-repeatable levels by time:
     D:1: 1949 daAuts
     D:5: 1477 daAuts
     D:4: 1422 daAuts
     D:7: 1078 daAuts
     D:3: 954 daAuts
     D:6: 929 daAuts
     D:2: 649 daAuts
     D:8: 373 daAuts
  Temple: 77 daAuts
